 Dungeon Sprint DCSS version 0.20-a0-1018-ge435b50 (webtiles) character file.

8500000 Krakonus1 the Axe Maniac (level 27, -44/247 (249) HPs)
             Began as a Formicid Fighter on Apr 16, 2017.
             Was the Champion of Makhleb.
             Killed from afar by a wretched soul (83 damage)
             ... with a bolt of negative energy
             ... in the Dungeon (Sprint VIII: "Arena of Blood").
             The game lasted 00:12:09 (85 turns).

Krakonus1 the Axe Maniac (Formicid Fighter)           Turns: 85, Time: 00:12:10

HP:   -44/247 (249) AC: 12    Str: 24    XL:     27
MP:   33/54         EV: 31    Int:  9    God:    Makhleb [******]
Gold: 0             SH: 19    Dex: 19    Spells: 80/80 levels left

rFire    . . .     SeeInvis +   k - +∞ Axe of Woe
rCold    . . .     Gourm    .   b - +0 shield
rNeg     . . .     Faith    .   a - +0 scale mail
rPois    .         Spirit   .   (helmet unavailable)
rElec    .         Reflect  .   (no cloak)
rCorr    .         Harm     .   (no gloves)
MR       ++...                  (no boots)
Stlth    ++++++++..             (no amulet)
Regen    0.6/turn               (no ring)
MPRegen  0.4/turn               (no ring)

@: drained
A: permanent stasis, dig shafts and tunnels, four strong arms, antennae 3
a: Dig, Minor Destruction, Lesser Servant of Makhleb, Major Destruction, Greater
Servant of Makhleb, Renounce Religion


You were in the Dungeon.
You worshipped Makhleb.
Makhleb was exalted by your worship.
You were not hungry.

You visited 1 branch

Inventory:

Hand Weapons
 k - the +∞ Axe of Woe (weapon)
   (You found it in the Dungeon)
Armour
 a - a +0 scale mail (worn)
 b - a +0 shield (worn)
Scrolls
 j - a scroll of blinking
Potions
 c - a potion of might
 e - a potion of curing
 g - a potion of haste
 h - 2 potions of magic
 i - a potion of berserk rage
Comestibles
 d - a bread ration


   Skills:
 O Level 27(25.5) Fighting
 O Level 27(25.5) Axes
 O Level 27(25.5) Throwing
 O Level 27(25.5) Armour
 O Level 27(25.5) Dodging
 O Level 27(25.5) Stealth
 O Level 27(25.5) Shields
 O Level 27(25.5) Unarmed Combat
 O Level 27(25.5) Spellcasting
 O Level 27(25.5) Invocations


You had 80 spell levels left.
You didn't know any spells.

Dungeon Overview and Level Annotations

Branches:
Dungeon (1/1)

Altars:
Makhleb


Innate Abilities, Weirdness & Mutations

You cannot be hasted, slowed, berserked, paralysed or teleported.
You can dig through walls and to a lower floor.
Your four strong arms can wield two-handed weapons with a shield.
You have a pair of large antennae on your head. (SInv)


Message History

The accursed casts a spell at you. Something smites you!
* * * LOW HITPOINT WARNING * * *
You hear a hideous shriek!
You hear a roar! x2; You hear a shout!
An orc and a phantom come into view.
You hit the meat berserker.
You fatally mangle the meat berserker.
You kill the meat berserker!
Makhleb accepts your kill.
You hear a shout! x4
The meat berserker rages.
The wretched soul appears out of thin air!
A wretched soul comes into view.
The meat berserker rages.
The meat beast bleats, "I will devour thy skull!"
The accursed gestures at you while chanting.
Something smites you!
* * * LOW HITPOINT WARNING * * *
The wretched soul breathes negative energy at you.
The bolt of negative energy hits you!
You feel drained.
You die...

...........
.........
#.....{.# . V #..
....# .. ..###WDO
...###o..
...%%.W###)%..o...
......W)_.........
....#)))).#......
. #_2@O_# {....
{2#Mz))o#{{....
..OO.2_.WOO%....
MO..OW###.W..z...
..###..{ ..W###o..
. #.W ...# . #..
{..# ... .....{
....


You could see 2 accurseds, a meat beast, an eight-headed meat hydra (wandering),
2 sculptors of flesh, a large bag of meat (inner flame), 4 wretched souls, 4
dreads, 6 meat berserkers, 4 bags of meat and a friendly blizzard demon.

Vanquished Creatures
  2 hell beasts (D)
  2 greater mummies (D)
  Harold (D)
  15 vampire knights (D)
  18 ogres (D)
  4 two-headed ogres (D)
  26 orcs (D)
  2 skeletal warriors (D)
  2 large abominations (D)
  5 small abominations (D)
  5 crawling corpses (D)
82 creatures vanquished.

Vanquished Creatures (others)
  2 crawling corpses (D)
2 creatures vanquished.

Grand Total: 84 creatures vanquished

Notes
Turn   | Place    | Note
-------+----------+-------------------------------------------
     0 | D        | Krakonus1 the Formicid Fighter began the quest for the Orb.
     0 | D        | Reached XP level 1. HP: 18/18 MP: 1/1
     3 | D        | Noticed a meat berserker
     4 | D        | Became a worshipper of Makhleb the Destroyer
     5 | D        | Noticed a bag of meat
     5 | D        | Noticed a bag of meat
     5 | D        | Noticed a bag of meat
     6 | D        | Noticed a meat berserker
     7 | D        | Noticed a meat berserker
     7 | D        | Killed a meat berserker
     7 | D        | Reached skill level 27 in Axes
     7 | D        | Reached XP level 2. HP: 45/45 MP: 2/2
     7 | D        | Reached XP level 3. HP: 51/51 MP: 3/3
     7 | D        | Reached XP level 4. HP: 58/58 MP: 4/4
     7 | D        | Reached XP level 5. HP: 64/64 MP: 5/5
     7 | D        | Reached XP level 6. HP: 71/71 MP: 6/6
     7 | D        | Reached XP level 7. HP: 78/78 MP: 7/7
     7 | D        | Reached XP level 8. HP: 85/85 MP: 8/8
     7 | D        | Reached XP level 9. HP: 91/91 MP: 9/9
     7 | D        | Reached XP level 10. HP: 98/98 MP: 10/10
     7 | D        | Reached XP level 11. HP: 104/104 MP: 11/11
     7 | D        | Reached XP level 12. HP: 111/111 MP: 12/12
     7 | D        | Reached XP level 13. HP: 117/117 MP: 13/13
     8 | D        | Killed a meat berserker
     8 | D        | Reached * piety under Makhleb
     8 | D        | Reached XP level 14. HP: 118/148 MP: 14/14
     8 | D        | Reached XP level 15. HP: 124/155 MP: 15/15
     9 | D        | Killed a meat berserker
     9 | D        | Reached skill level 27 in Fighting
     9 | D        | Reached XP level 16. HP: 133/167 MP: 16/16
    11 | D        | Reached ** piety under Makhleb
    12 | D        | Reached XP level 17. HP: 140/174 MP: 17/17
    15 | D        | Noticed a meat berserker
    15 | D        | Reached skill level 27 in Dodging
    15 | D        | Reached skill level 5 in Shields
    19 | D        | Killed a meat berserker
    19 | D        | Reached *** piety under Makhleb
    19 | D        | Reached XP level 18. HP: 182/182 MP: 18/18
    23 | D        | Reached skill level 27 in Shields
    25 | D        | Reached **** piety under Makhleb
    25 | D        | Reached XP level 19. HP: 189/189 MP: 19/19
    28 | D        | Reached skill level 27 in Armour
    28 | D        | Reached XP level 20. HP: 197/197 MP: 20/20
    30 | D        | Noticed a large bag of meat
    32 | D        | Noticed a destroyer
    32 | D        | Noticed a meat berserker
    33 | D        | Noticed a meat berserker
    33 | D        | Reached ***** piety under Makhleb
    33 | D        | Reached skill level 27 in Stealth
    34 | D        | Noticed a large bag of meat
    35 | D        | Killed a destroyer
    35 | D        | Reached XP level 21. HP: 204/204 MP: 20/37
    35 | D        | Reached skill level 27 in Invocations
    36 | D        | Noticed a destroyer
    37 | D        | Killed a meat berserker
    38 | D        | Killed a destroyer
    38 | D        | Reached skill level 27 in Unarmed Combat
    38 | D        | Reached XP level 22. HP: 212/212 MP: 20/39
    38 | D        | Killed a meat berserker
    39 | D        | Noticed The Servant
    40 | D        | Killed a large bag of meat
    40 | D        | Reached XP level 23. HP: 219/219 MP: 21/48
    41 | D        | Noticed a large bag of meat
    41 | D        | Reached ****** piety under Makhleb
    43 | D        | Noticed a destroyer
    43 | D        | Noticed a destroyer
    45 | D        | Noticed a destroyer
    45 | D        | Reached XP level 24. HP: 227/227 MP: 22/53
    46 | D        | Reached skill level 27 in Throwing
    46 | D        | Reached skill level 27 in Spellcasting
    47 | D        | Noticed a destroyer
    48 | D        | Noticed a destroyer
    48 | D        | Killed a destroyer
    48 | D        | Reached XP level 25. HP: 234/234 MP: 23/54
    49 | D        | Noticed a destroyer
    49 | D        | Killed a large bag of meat
    50 | D        | Reached XP level 26. HP: 242/242 MP: 23/54
    50 | D        | Killed a large bag of meat
    51 | D        | Noticed a destroyer
    51 | D        | Noticed an accursed
    51 | D        | Killed a destroyer
    51 | D        | Killed a destroyer
    51 | D        | Reached XP level 27. HP: 249/249 MP: 23/54
    52 | D        | Noticed a destroyer
    53 | D        | Killed a destroyer
    53 | D        | Killed a destroyer
    54 | D        | Killed a destroyer
    55 | D        | Noticed a destroyer
    55 | D        | Noticed a large bag of meat
    56 | D        | Noticed a destroyer
    56 | D        | Killed The Servant
    58 | D        | Killed a destroyer
    58 | D        | Killed a destroyer
    60 | D        | Killed an accursed
    61 | D        | Noticed a destroyer
    62 | D        | Noticed a dread
    62 | D        | Killed a large bag of meat
    62 | D        | Killed a destroyer
    64 | D        | Noticed an accursed
    64 | D        | Noticed a destroyer
    66 | D        | Killed a destroyer
    70 | D        | Noticed an accursed
    70 | D        | Killed a destroyer
    72 | D        | Noticed a meat beast
    72 | D        | Killed a destroyer
    74 | D        | Noticed a meat beast
    74 | D        | Noticed a destroyer
    74 | D        | Noticed a dread
    75 | D        | Killed a meat beast
    77 | D        | Noticed a destroyer
    78 | D        | Noticed a dread
    78 | D        | Killed a meat beast
    78 | D        | Killed a destroyer
    80 | D        | Noticed a dread
    82 | D        | Noticed a meat beast
    82 | D        | Killed an accursed
    83 | D        | Noticed an accursed
    83 | D        | Noticed a meat beast
    84 | D        | Noticed a large bag of meat
    85 | D        | Killed from afar by a wretched soul

Vault maps used:
D:        meatsprint

Skill      XL: |  1  2  3  4  5  6  7  8  9 10 11 12 13 14 15 16 17 18 19 20 21 22 23 24 |
---------------+-------------------------------------------------------------------------+-----
Axes           | 27 | 27.0
Fighting       | 16 25 27 | 27.0
Dodging        | 16 25 27 | 27.0
Shields        | 22 27 | 27.0
Armour         | 20 27 | 27.0
Stealth        | 17 27 | 27.0
Invocations    | 25 27 | 27.0
Unarmed Combat | 27 | 27.0
Throwing       | 21 26 27 | 27.0
Spellcasting   | 21 26 27 | 27.0

Action                   |  1- 3 |  4- 6 |  7- 9 | 10-12 | 13-15 | 16-18 | 19-21 | 22-24 | 25-27 || total
-------------------------+-------+-------+-------+-------+-------+-------+-------+-------+-------++-------
Melee: Executioner's axe |     1 |       |       |       |     2 |     8 |     5 |     8 |    18 ||    42
Invok: Greater Servant o |       |       |       |       |       |       |       |     1 |     8 ||     9
  Use: Potion            |       |       |       |       |       |       |       |       |     1 ||     1
 Stab: Distracted        |       |       |       |       |       |       |       |       |     2 ||     2
Armor: Scale mail        |       |       |       |       |       |       |       |       |     2 ||     2
Block: Shield            |       |       |       |       |     1 |       |       |       |     4 ||     5
